 Dungeon Crawl Stone Soup version 0.29.0-4-gdea44cf6ec (webtiles) character file.

Game seed: 10890431832353303680

3882 qw the Cleaver (level 10, -5/76 HPs)
             Began as a Demonspawn Cinder Acolyte on Sept 10, 2022.
             Was an Elder of Ignis.
             Killed from afar by an oklob plant (28 damage)
             ... with a splash of acid
             ... on level 8 of the Dungeon.
             The game lasted 00:03:09 (9345 turns).

qw the Cleaver (Demonspawn Cinder Acolyte)          Turns: 9345, Time: 00:03:10

Health: -5/76      AC: 29    Str: 19    XL:     10   Next: 0%
Magic:  11/11      EV:  9    Int: 15    God:    Ignis [****..]
Gold:   281        SH: 15    Dex:  9    Spells: 11/11 levels left

rFire   + + .      SeeInvis .   Y - +4 war axe
rCold   . . .      Faith    .   e - +2 kite shield
rNeg    . . .      Spirit   .   v - +10 plate armour {ponderous}
rPois   .          Reflect  +   (helmet restricted)
rElec   .          Harm     .   m - +0 cloak
rCorr   .          Rampage  .   n - +0 pair of gloves
Will    .....                   (no boots)
Stlth   ..........              q - amulet of reflection
HPRegen 0.22/turn               b - ring of Moutungi {AC+4 Slay+3}
MPRegen 0.12/turn               o - ring of protection from fire

@: agile, corroded, fiery-armoured, very slow
A: antennae 2, yellow scales 1, ignite blood 1, powered by pain 1
a: Renounce Religion, Fiery Armour, Foxfire Swarm, Rising Flame


You were on level 8 of the Dungeon.
You worshipped Ignis.
Ignis was greatly pleased with you.
You visited 1 branch of the dungeon, and saw 8 of its levels.

You collected 431 gold pieces.
You spent 150 gold pieces at shops.


Innate Abilities, Weirdness & Mutations

You have a pair of antennae on your head.
You are partially covered in yellow scales. (AC +2)
Your demonic aura sometimes causes spilled blood to erupt in flames.
You sometimes gain a little power by taking damage.


   Skills:
 - Level 6.0 Fighting
 - Level 10.0 Axes
 - Level 1.6 Throwing
 - Level 4.6 Armour
 - Level 1.0 Dodging
 + Level 5.3 Shields
 - Level 1.0 Spellcasting
 - Level 2.6 Fire Magic


You had 11 spell levels left.
You didn't know any spells.
Your spell library contained the following spells:

 Spells                   Type           Power      Damage    Failure   Level
 Scorch                   Fire           16%        2d5       100%        2

Inventory:

Hand Weapons
 a - a -1 hand axe of flaming
 Y - a +4 war axe (weapon)
Missiles
 x - a boomerang (quivered)
Armour
 e - a +2 kite shield (worn)
 m - a +0 cloak (worn)
 n - a +0 pair of gloves (worn)
 v - a +10 plate armour of ponderousness (worn)
Jewellery
 b - the ring of Moutungi (left hand) {AC+4 Slay+3}
   (You acquired it on level 2 of the Dungeon)

   [ring of protection]

   AC:        It affects your AC (+4).
   Slay:      It affects your accuracy & damage with ranged weapons and melee
   (+3).
 o - a ring of protection from fire (right hand)
 q - an amulet of reflection (around neck)
Scrolls
 d - 2 scrolls of identify
Potions
 c - a potion of mutation {unknown}
 g - a potion of might
 j - 3 potions of curing
 k - a potion of lignification {unknown}
 l - 2 potions of heal wounds
 p - a potion of invisibility {unknown}
 s - a potion of attraction {unknown}
 t - a potion of haste {unknown}

Dungeon Overview and Level Annotations

Branches:
Dungeon (8/15)             Temple (0/1) D:7
   Lair: D:8-11

Altars:
Ashenzari
Makhleb
Nemelex Xobeh
Sif Muna
Yredelemnul

Shops:
D:3 ?   D:6 :   D:7 :

Annotations:
D:5 3 runed translucent doors, qw's ghost, novice DsCA


Message History

The oklob sapling spits acid at you.
The splash of acid hits you but does no damage.
The oklob plant spits acid at you.
The splash of acid hits you but does no damage.
The oklob plant spits acid at you.
The splash of acid reflects off an invisible shield around you!
The splash of acid hits the oklob plant.
The oklob plant completely resists.
The oklob plant spits acid at you. The splash of acid hits you!!
9335 ||| DRINKING 5 potions of heal wounds.
You feel much better. The oklob sapling spits acid at you.
The splash of acid hits you. The oklob plant spits acid at you.
The splash of acid hits you. The oklob sapling spits acid at you.
The splash of acid hits you but does no damage.
The acid corrodes you! The oklob sapling spits acid at you.
The splash of acid hits you but does no damage.
The acid corrodes you! The oklob plant spits acid at you.
The splash of acid hits you! The oklob sapling spits acid at you.
The splash of acid hits you but does no damage.
The oklob plant spits acid at you. The splash of acid hits you!
9343 ||| DRINKING 4 potions of heal wounds.
You feel much better. The oklob plant spits acid at you.
The splash of acid hits you!!
You focus on the pain.
You feel agile all of a sudden.
9344 ||| DRINKING 3 potions of heal wounds.
You feel much better. The oklob plant spits acid at you.
The splash of acid hits you. The acid corrodes you!
The oklob plant spits acid at you. The splash of acid hits you!!
You die...

~~ #... #+#~ #...
7777777~77 #...
7PP~7~~~~777 #..#
7!~~.~~~~~~ #...
7~P~~~~~~~ #.##
7.~~~~~~7 #.#
7~~P~~~~7 7 #####.#
7~~~~@~7 (77 #.....#
77~~~~7..7P7###.#####
7~.777777~7#...#
7777....~~~7#.###
#P......~~#...#
##..........###
#........###
##########


You could see an oklob plant and an oklob sapling.

Vanquished Creatures
  A steam dragon (D:7)
  2 water moccasins
  2 black bears
  3 orc warriors
  An ice beast (D:6)
  A sky beast (D:6)
  4 ogres
  3 phantoms
  A centaur (D:8)
  A kobold brigand (D:7)
  5 necrophages
  A gnoll sergeant (D:8)
  5 scorpions
  9 wights (D:8)
  4 killer bees (D:8)
  A howler monkey (D:7)
  A crimson imp (D:6)
  A jelly (D:5)
  4 hounds
  5 orc priests
  Ijyb (D:3)
  2 iguanas (D:6)
  7 orc wizards
  5 gnolls (D:8)
  10 adders
  A white imp (D:6)
  2 ufetubi
  2 worms (D:6)
  3 dart slugs
  26 orcs
  7 ball pythons
  5 bats
  3 endoplasms
  A giant cockroach (D:2)
  11 goblins
  10 hobgoblins
  8 jackals
  4 quokkas
  2 frilled lizards
  4 kobolds
  6 rats
175 creatures vanquished.

Vanquished Creatures (others)
  5 plants
5 creatures vanquished.

Grand Total: 180 creatures vanquished

Notes
Turn   | Place    | Note
-------+----------+-------------------------------------------
     0 | D:1      | qw the Demonspawn Cinder Acolyte began the quest for the
                  | Orb.
     0 | D:1      | Reached XP level 1. HP: 18/18 MP: 2/2
     0 | D:1      | 0 ||| qw: Version: 0.1-a-113-g051387a
     0 | D:1      | 0 ||| qw: Game counter: 7401
     0 | D:1      | 0 ||| qw: Always use a shield: true
     0 | D:1      | 0 ||| qw: God list: Okawaru
     0 | D:1      | 0 ||| qw: Allow faded altars: false
     0 | D:1      | 0 ||| qw: Do Orc after D:15 true
     0 | D:1      | 0 ||| qw: Do second Lair branch before Depths: true
     0 | D:1      | 0 ||| qw: Lair rune preference: random
     0 | D:1      | 0 ||| qw: Plans: Normal
     0 | D:1      | 0 ||| PLANNING D:1-11
   296 | D:1      | Reached skill level 3 in Axes
   630 | D:1      | Gained mutation: You are partially covered in yellow
                  | scales. (AC +2) [demonic ancestry]
   630 | D:1      | Reached XP level 2. HP: 24/24 MP: 3/3
   695 | D:1      | 695 ||| Stepping ~*~*~tactically~*~*~ (hiding).
   799 | D:1      | 799 ||| Stepping ~*~*~tactically~*~*~ (hiding).
   901 | D:1      | 901 ||| Stepping ~*~*~tactically~*~*~ (hiding).
  1254 | D:1      | 1254 ||| UPGRADING to +0 ring mail.
  1264 | D:1      | 1264 ||| DROPPING +0 robe.
  1265 | D:1      | 1265 ||| READING scroll labelled DYGESA BOUX.
  1266 | D:1      | 1266 ||| READING scroll labelled RUKIATH MEIFIPT.
  1267 | D:1      | 1267 ||| READING scroll labelled QOHOIW GUXZO.
  1268 | D:1      | 1268 ||| READING scroll labelled JAMYRE QIHE.
  1448 | D:2      | 1448 ||| INVOKING Fiery Armour.
  1449 | D:2      | HP: 5/24 [adder (2)]
  1449 | D:2      | HP: 1/24 [frozen (4)]
  1450 | D:2      | Gained mutation: You sometimes gain a little power by
                  | taking damage. [demonic ancestry]
  1450 | D:2      | Reached XP level 3. HP: 2/29 MP: 4/4
  1762 | D:2      | Reached skill level 4 in Axes
  1892 | D:2      | 1892 ||| Stepping ~*~*~tactically~*~*~ (stealth).
  1897 | D:2      | Found a sparkling altar of Nemelex Xobeh.
  1918 | D:2      | 1918 ||| SWAPPING to +0 war axe.
  1969 | D:2      | 1969 ||| Stepping ~*~*~tactically~*~*~ (hiding).
  2364 | D:2      | Found a faded altar of an unknown god.
  2701 | D:2      | 2701 ||| DROPPING scarf of invisibility.
  2702 | D:2      | 2702 ||| UPGRADING to +0 scale mail.
  2712 | D:2      | 2712 ||| DROPPING +0 ring mail.
  2713 | D:2      | 2713 ||| UPGRADING to +0 cloak.
  2718 | D:2      | 2718 ||| UPGRADING to +0 pair of gloves.
  2723 | D:2      | 2723 ||| READING scroll labelled KELIHE YSUDENT.
  2723 | D:2      | Identified a scroll of acquirement
  2723 | D:2      | 2723 ||| ACQUIRING ring of Moutungi {AC+4 Slay+3}
  2723 | D:2      | Acquired the ring of Moutungi {AC+4 Slay+3}
  2725 | D:2      | 2725 ||| UPGRADING to ring of Moutungi {AC+4 Slay+3}.
  2726 | D:2      | 2726 ||| READING scroll labelled MEALUXKOAG.
  2727 | D:2      | 2727 ||| READING scroll labelled JILUSTROIGH.
  2764 | D:3      | Reached XP level 4. HP: 33/35 MP: 5/5
  2822 | D:3      | 2822 ||| Stepping ~*~*~tactically~*~*~ (stealth).
  2823 | D:3      | 2823 ||| Stepping ~*~*~tactically~*~*~ (stealth).
  2902 | D:3      | Noticed Ijyb
  2903 | D:3      | 2903 ||| Stepping ~*~*~tactically~*~*~ (stealth).
  2907 | D:3      | Found a basalt altar of Yredelemnul.
  2920 | D:3      | Killed Ijyb
  2921 | D:3      | Reached skill level 1 in Armour
  3009 | D:3      | Found a burning altar of Makhleb.
  3092 | D:3      | Found a broken altar of Ashenzari.
  3270 | D:3      | 3270 ||| Stepping ~*~*~tactically~*~*~ (stealth).
  3271 | D:3      | 3271 ||| Stepping ~*~*~tactically~*~*~ (stealth).
  3273 | D:3      | 3273 ||| Stepping ~*~*~tactically~*~*~ (hiding).
  3274 | D:3      | 3274 ||| Stepping ~*~*~tactically~*~*~ (hiding).
  3332 | D:3      | Found Xogguox's Magic Scroll Shoppe.
  3339 | D:3      | Reached XP level 5. HP: 41/41 MP: 6/6
  3343 | D:3      | 3343 ||| BUYING scroll of enchant weapon (75 gold).
  3343 | D:3      | Bought a scroll of enchant weapon for 75 gold pieces
  3343 | D:3      | 3343 ||| BUYING scroll of enchant weapon (75 gold).
  3343 | D:3      | Bought a scroll of enchant weapon for 75 gold pieces
  3343 | D:3      | 3343 ||| SHOPLISTING scroll of identify (20 gold, have 11).
  3343 | D:3      | 3343 ||| READING 2 scrolls of enchant weapon.
  3343 | D:3      | 3343 ||| ENCHANTING +1 war axe.
  3344 | D:3      | 3344 ||| READING scroll of enchant weapon.
  3344 | D:3      | 3344 ||| ENCHANTING +2 war axe.
  3387 | D:3      | 3387 ||| UPGRADING to +0 chain mail.
  3397 | D:3      | 3397 ||| DROPPING +0 scale mail.
  3398 | D:3      | 3398 ||| DRINKING 2 metallic golden potions.
  3399 | D:3      | 3399 ||| DRINKING 2 clear potions.
  3400 | D:3      | 3400 ||| DROPPING potion of degeneration.
  3430 | D:4      | Noticed a phantom
  3439 | D:4      | Killed a phantom
  3440 | D:4      | Reached skill level 5 in Axes
  3440 | D:4      | 3440 ||| STAIRDANCE
  3609 | D:4      | 3609 ||| Stepping ~*~*~tactically~*~*~ (stealth).
  3638 | D:4      | 3638 ||| FLEEEEING.
  3639 | D:4      | 3639 ||| FLEEEEING.
  3640 | D:4      | 3640 ||| FLEEEEING.
  3641 | D:4      | 3641 ||| FLEEEEING.
  3642 | D:4      | 3642 ||| FLEEEEING.
  3643 | D:4      | 3643 ||| FLEEEEING.
  3644 | D:4      | 3644 ||| FLEEEEING.
  3645 | D:4      | 3645 ||| FLEEEEING.
  3646 | D:4      | 3646 ||| FLEEEEING.
  3647 | D:4      | 3647 ||| FLEEEEING.
  3648 | D:4      | 3648 ||| FLEEEEING.
  3649 | D:4      | 3649 ||| FLEEEEING.
  3650 | D:4      | 3650 ||| FLEEEEING.
  3651 | D:4      | 3651 ||| FLEEEEING.
  3652 | D:4      | 3652 ||| FLEEEEING.
  3653 | D:4      | 3653 ||| FLEEEEING.
  3654 | D:4      | 3654 ||| FLEEEEING.
  3655 | D:4      | 3655 ||| FLEEEEING.
  3656 | D:4      | 3656 ||| FLEEEEING.
  3657 | D:4      | 3657 ||| FLEEEEING.
  3658 | D:4      | 3658 ||| FLEEEEING.
  3659 | D:4      | 3659 ||| FLEEEEING.
  3660 | D:4      | 3660 ||| FLEEEEING.
  3661 | D:4      | 3661 ||| FLEEEEING.
  3662 | D:4      | 3662 ||| FLEEEEING.
  3663 | D:4      | 3663 ||| FLEEEEING.
  3664 | D:4      | 3664 ||| FLEEEEING.
  3665 | D:4      | 3665 ||| FLEEEEING.
  3666 | D:4      | 3666 ||| FLEEEEING.
  3667 | D:4      | 3667 ||| FLEEEEING.
  3668 | D:4      | 3668 ||| FLEEEEING.
  3669 | D:4      | 3669 ||| FLEEEEING.
  3670 | D:4      | 3670 ||| STAIRDANCE
  3727 | D:3      | 3727 ||| READING scroll labelled YGEOHOO REFFI.
  3769 | D:4      | Noticed a phantom
  3784 | D:4      | Killed a phantom
  3785 | D:4      | Reached XP level 6. HP: 40/47 MP: 7/7
  4073 | D:4      | 4073 ||| READING scroll of enchant weapon.
  4073 | D:4      | 4073 ||| ENCHANTING +3 war axe.
  4861 | D:4      | 4861 ||| UPGRADING to ring of protection from fire.
  4862 | D:4      | 4862 ||| READING scroll labelled LUGGUR HUCU.
  4863 | D:4      | 4863 ||| READING scroll labelled CAAQOT VUMOHYASKU.
  4895 | D:5      | Entered Level 5 of the Dungeon
  4900 | D:5      | 4900 ||| STAIRDANCE
  4909 | D:5      | Reached skill level 6 in Axes
  4938 | D:5      | Reached skill level 1 in Dodging
  5125 | D:5      | Gained mutation: Your demonic aura sometimes causes spilled
                  | blood to erupt in flames. [demonic ancestry]
  5125 | D:5      | Reached XP level 7. HP: 53/53 MP: 8/8
  5145 | D:5      | 5145 ||| Stepping ~*~*~tactically~*~*~ (stealth).
  5148 | D:5      | 5148 ||| Stepping ~*~*~tactically~*~*~ (stealth).
  5433 | D:5      | Found a runed translucent gate.
  5433 | D:5      | Found a runed translucent gate.
  5433 | D:5      | Found a runed translucent gate.
  5504 | D:5      | Noticed qw's ghost (novice DsCA)
  5516 | D:5      | Reached skill level 7 in Axes
  5518 | D:5      | 5518 ||| Stepping ~*~*~tactically~*~*~ (hiding).
  6072 | D:5      | 6072 ||| UPGRADING to amulet of reflection.
  6077 | D:5      | 6077 ||| READING 2 scrolls of identify.
  6077 | D:5      | 6077 ||| IDENTIFYING green potion
  6078 | D:5      | 6078 ||| DROPPING potion of magic.
  6097 | D:6      | 6097 ||| PLANNING SEWER
  6153 | D:6      | Gained mutation: You have a pair of small antennae on your
                  | head. [demonic ancestry]
  6153 | D:6      | Reached XP level 8. HP: 59/61 MP: 9/9
  6174 | D:6      | Reached skill level 8 in Axes
  6219 | D:6      | Reached skill level 3 in Armour
  6267 | D:6      | Found Pofiaff's Tremendous Tomes.
  6486 | D:6      | Reached skill level 9 in Axes
  6735 | D:6      | 6735 ||| RIP SEWER
  6753 | D:6      | 6753 ||| PLANNING D:1-11
  6825 | D:6      | Reached skill level 1 in Throwing
  6847 | D:6      | 6847 ||| Stepping ~*~*~tactically~*~*~ (stealth).
  6851 | D:6      | 6851 ||| UPGRADING to +10 plate armour of ponderousness.
  6874 | D:6      | 6874 ||| DROPPING +0 chain mail.
  7115 | D:6      | 7115 ||| DROPPING amulet of guardian spirit.
  7116 | D:6      | 7116 ||| READING scroll labelled PUSOMERPHOW.
  7117 | D:6      | 7117 ||| READING scroll labelled DAKHLO TYNACS.
  7118 | D:6      | 7118 ||| DRINKING 2 pink potions.
  7119 | D:6      | 7119 ||| DRINKING 2 dark potions.
  7120 | D:6      | 7120 ||| READING 4 scrolls of identify.
  7120 | D:6      | 7120 ||| IDENTIFYING inky potion
  7121 | D:6      | 7121 ||| READING 3 scrolls of identify.
  7121 | D:6      | 7121 ||| IDENTIFYING amethyst potion
  7122 | D:6      | 7122 ||| READING 2 scrolls of identify.
  7122 | D:6      | 7122 ||| IDENTIFYING fuming coppery potion
  7123 | D:6      | 7123 ||| DROPPING potion of berserk rage.
  7124 | D:6      | 7124 ||| DROPPING potion of brilliance.
  7352 | D:7      | Gained mutation: You have a pair of antennae on your head.
                  | [demonic ancestry]
  7352 | D:7      | Reached XP level 9. HP: 68/68 MP: 10/10
  7566 | D:7      | Found a flagged portal.
  7592 | D:7      | Reached skill level 6 in Fighting
  7729 | D:7      | Found Kuer's Book Shoppe.
  7743 | D:7      | 7743 ||| INVOKING Fiery Armour.
  7757 | D:7      | 7757 ||| Stepping ~*~*~tactically~*~*~ (hiding).
  7758 | D:7      | 7758 ||| Stepping ~*~*~tactically~*~*~ (hiding).
  7764 | D:7      | 7764 ||| FLEEEEING.
  7765 | D:7      | 7765 ||| FLEEEEING.
  7778 | D:7      | 7778 ||| FLEEEEING.
  7780 | D:7      | 7780 ||| FLEEEEING.
  7781 | D:7      | 7781 ||| FLEEEEING.
  7782 | D:7      | 7782 ||| FLEEEEING.
  7783 | D:7      | 7783 ||| FLEEEEING.
  7784 | D:7      | 7784 ||| FLEEEEING.
  7894 | D:7      | 7894 ||| Stepping ~*~*~tactically~*~*~ (stealth).
  7906 | D:7      | 7906 ||| DRINKING 3 potions of curing.
  7906 | D:7      | 7906 ||| (to cure confusion)
  7977 | D:7      | Reached skill level 10 in Axes
  8053 | D:7      | Found a staircase to the Ecumenical Temple.
  8163 | D:7      | Found a shimmering blue altar of Sif Muna.
  8275 | D:7      | 8275 ||| UPGRADING to +2 kite shield.
  8280 | D:7      | 8280 ||| READING scroll labelled QAITAIHEOV.
  8281 | D:7      | 8281 ||| READING scroll of teleportation.
  8325 | D:8      | 8325 ||| Stepping ~*~*~tactically~*~*~ (stealth).
  8331 | D:8      | Reached skill level 1 in Shields
  8367 | D:8      | 8367 ||| Stepping ~*~*~tactically~*~*~ (hiding).
  8376 | D:8      | 8376 ||| Stepping ~*~*~tactically~*~*~ (stealth).
  8383 | D:8      | Reached skill level 3 in Shields
  8388 | D:8      | 8388 ||| FLEEEEING.
  8389 | D:8      | 8389 ||| FLEEEEING.
  8390 | D:8      | 8390 ||| FLEEEEING.
  8391 | D:8      | 8391 ||| FLEEEEING.
  8392 | D:8      | 8392 ||| FLEEEEING.
  8393 | D:8      | 8393 ||| FLEEEEING.
  8394 | D:8      | 8394 ||| FLEEEEING.
  8746 | D:8      | 8746 ||| Stepping ~*~*~tactically~*~*~ (stealth).
  8752 | D:8      | 8752 ||| Stepping ~*~*~tactically~*~*~ (stealth).
  8759 | D:8      | 8759 ||| FLEEEEING.
  8791 | D:8      | Noticed an oklob plant
  8792 | D:8      | 8792 ||| INVOKING Fiery Armour.
  8796 | D:8      | 8796 ||| FLEEEEING.
  8797 | D:8      | 8797 ||| FLEEEEING.
  8967 | D:8      | 8967 ||| Stepping ~*~*~tactically~*~*~ (hiding).
  9113 | D:8      | 9113 ||| Stepping ~*~*~tactically~*~*~ (hiding).
  9118 | D:8      | Reached XP level 10. HP: 76/76 MP: 11/11
  9299 | D:8      | 9299 ||| INVOKING Fiery Armour.
  9305 | D:8      | 9305 ||| DRINKING 2 potions of cancellation.
  9312 | D:8      | HP: 12/76 [oklob plant/splash of acid (10)]
  9313 | D:8      | 9313 ||| DRINKING 6 potions of heal wounds.
  9319 | D:8      | 9319 ||| DRINKING potion of cancellation.
  9334 | D:8      | HP: 10/76 [oklob plant/splash of acid (21)]
  9335 | D:8      | 9335 ||| DRINKING 5 potions of heal wounds.
  9342 | D:8      | HP: 11/76 [oklob plant/splash of acid (11)]
  9343 | D:8      | 9343 ||| DRINKING 4 potions of heal wounds.
  9344 | D:8      | 9344 ||| DRINKING 3 potions of heal wounds.
  9345 | D:8      | Killed from afar by an oklob plant

Levels and vault maps discovered:
D:1:      heliophobic_arrival_henge, layout_loops_ring, minmay_tetromino_i2
D:2:      layout_loops_ring, basic_altar,
          dreamdust_ecumenical_altar_hidden_monk_grotto
D:3:      layout_rooms, nicolae_ashenzari_skybound,
          chequers_temple_overflow_statue_of_worship, serial_shops,
          nicolae_shop_hallway_stairs, uniq_ijyb
D:4:      wander_river, layout_layer_cave, guppyfry_early_lair_pool
D:5:      layout_gridville, gammafunk_ghost_icy
D:6:      layout_loops_cross, cheibrodos_sewer_entry_bend, supply_closet_lemuel,
          nicolae_shop_i_like_big_books, minmay_fire_ice_demons
D:7:      minmay_inner_zag, layout_loops_cross, lemuel_blue_sif_altar,
          minmay_temple_entry_from_below_a, serial_shops,
          nicolae_shop_hallway_plus, enter_bailey_4
D:8:      layout_gridville, minmay_misc_feat_secret_circle,
          introduction_to_nature_2

Skill      XL: |  1  2  3  4  5  6  7  8  9 |
---------------+----------------------------+-----
Axes           | 3 4 5 6 7 9 10 | 10.0
Armour         | 1 2 4 |  4.6
Dodging        | 1 |  1.0
Fighting       | 4 5 6 |  6.0
Throwing       | 1 |  1.6
Shields        | 5 |  5.3
Spellcasting   | |  1.0
Fire Magic     | |  2.6

Action                   |  1- 3 |  4- 6 |  7- 9 | 10-12 || total
-------------------------+-------+-------+-------+-------++-------
Melee: Hand axe          |    77 |       |       |       ||    77
       War axe           |    26 |   128 |   262 |       ||   416
       Punch             |       |     2 |     3 |       ||     5
Throw: Boomerang         |       |       |    54 |       ||    54
Invok: Fiery Armour      |     1 |       |     2 |     1 ||     4
  Use: Scroll            |     7 |     6 |     8 |       ||    21
       Potion            |       |     2 |     3 |     6 ||    11
 Stab: Distracted        |       |       |     1 |       ||     1
Armor: Robe              |    21 |       |       |       ||    21
       Ring mail         |    22 |       |       |       ||    22
       Scale mail        |     1 |    28 |       |       ||    29
       Chain mail        |       |    46 |    44 |       ||    90
       Plate armour      |       |       |    94 |    10 ||   104
Dodge: Dodged            |    56 |    44 |    54 |       ||   154
Block: Other             |       |       |    35 |       ||    35
       Reflection        |       |       |     1 |     3 ||     4
       Kite shield       |       |       |    51 |     3 ||    54

Table legend:
 A = Non-vault XP
 B = Vault XP
 C = Vault XP percentage of total XP
 D = Non-vault monster count
 E = Vault monster count
 F = Vault count percentage of total count
                 A         B        C        D         E       F
            +---------+---------+-------+---------+---------+-------
      Total |    4918 |     628 |  11.3 |     149 |      26 |  14.9
            +---------+---------+-------+---------+---------+-------
        D:1 |      22 |       2 |   8.3 |      11 |       1 |   8.3
        D:2 |      71 |       0 |   0.0 |      21 |       0 |   0.0
        D:3 |      65 |      36 |  35.6 |      17 |       1 |   5.6
        D:4 |     337 |      13 |   3.7 |      16 |       1 |   5.9
        D:5 |     798 |       0 |   0.0 |      18 |       0 |   0.0
        D:6 |    1107 |      70 |   5.9 |      13 |       4 |  23.5
        D:7 |    1047 |     471 |  31.0 |      25 |      12 |  32.4
        D:8 |    1471 |      36 |   2.4 |      28 |       7 |  20.0
            +---------+---------+-------+---------+---------+-------
